 Dungeon Crawl Stone Soup version 0.29.1-12-g30fa7ad0bf (webtiles) character file.

Game seed: 4991006230552500681

301 Lutefisk the Ducker (level 6, -3/43 HPs)
             Began as an Octopode Transmuter on Dec 20, 2022.
             Was an Initiate of Nemelex Xobeh.
             Slain by an ogre
             ... wielding a +0 giant spiked club
              (29 damage)
             ... on level 4 of the Dungeon.
             The game lasted 00:12:26 (1595 turns).

Lutefisk the Ducker (Octopode Transmuter)           Turns: 1595, Time: 00:12:26

Health: -3/43      AC:  2    Str: 10    XL:     6   Next: 37%
Magic:  2/18       EV: 21    Int: 15    God:    Nemelex Xobeh [......]
Gold:   95         SH:  0    Dex: 19    Spells: 3/9 levels left

rFire   . . .      SeeInvis .     - Unarmed
rCold   . . .      Faith    .   (shield currently unavailable)
rNeg    . . .      Spirit   .   (helmet currently unavailable)
rPois   x          Reflect  .   j - amulet of the acrobat
rElec   .          Harm     .   h - +4 ring of slaying
rCorr   +          Rampage  .   m - ring of resist corrosion
Will    .....                   p - ring of magical power
Stlth   ++........              (no ring)
HPRegen 0.14/turn               (no ring)
MPRegen 0.16/turn               (no ring)
                                (no ring)
                                (no ring)

@: spider-form, wereblooded, very slightly contaminated
A: venomous fangs, almost no armour, (amphibious), 8 rings, tiny, (camouflage
1), (gelatinous body 1), (nimble swimmer 1), (tentacles)
a: End Transformation, Renounce Religion, Draw Escape, Draw Destruction, Draw
Summoning


You were on level 4 of the Dungeon.
You worshipped Nemelex Xobeh.
Nemelex Xobeh was noncommittal.
You were a venomous arachnid creature.
You visited 2 branches of the dungeon, and saw 5 of its levels.

You collected 95 gold pieces.

Inventory:

Jewellery
 h - a +4 ring of slaying (left front leg)
 j - an amulet of the acrobat (around neck)
 m - a ring of resist corrosion (right front leg)
 p - a ring of magical power (on tentacle)
Scrolls
 b - a scroll of amnesia {unknown}
 d - 2 scrolls of butterflies {unknown}
 g - a scroll of teleportation {unknown}
 i - a scroll of magic mapping {unknown}
 l - 3 scrolls of identify {unknown}
 o - a scroll of silence {unknown}
Potions
 a - a potion of lignification
 c - 3 potions of heal wounds {unknown}
 e - a potion of haste {unknown}
 f - 2 potions of might {unknown}
 k - 2 potions of attraction {unknown}
 n - a potion of curing {unknown}


   Skills:
 - Level 4.0 Fighting
 - Level 4.0 Dodging
 - Level 1.0 Stealth
 * Level 3.8 Unarmed Combat
 - Level 2.0 Spellcasting
 - Level 2.0 Transmutations
 - Level 2.0 Poison Magic


You had 3 spell levels left.
You knew the following spells:

 Your Spells              Type           Power      Damage    Failure   Level
a - Beastly Appendage     Tmut           14%        N/A       24%         1
b - Wereblood             Tmut           7%         N/A       32%         2
c - Spider Form           Tmut/Pois      7%         N/A       50%         3

Your spell library contained the following spells:

 Spells                   Type           Power      Damage    Failure   Level
 Shock                    Conj/Air       4%         1d3       43%         1
 Passwall                 Tmut/Erth      3%         N/A       43%         2
 Ensorcelled Hibernation  Hex/Ice        2%         N/A       54%         2
 Ignite Poison            Fire/Tmut/Pois 5%         N/A       58%         3
 Mephitic Cloud           Conj/Pois/Air  3%         N/A       67%         3
 Gell's Gravitas          Tloc           1%         N/A       75%         3
 Lesser Beckoning         Tloc           1%         N/A       75%         3
 Swiftness                Air            1%         N/A       75%         3
 Teleport Other           Tloc           1%         N/A       75%         3
 Ice Form                 Ice/Tmut       4%         N/A       93%         4
 Airstrike                Air            0%         2d(1-17)  98%         4
 Freezing Cloud           Conj/Ice/Air   0%         6-21      100%        5


Dungeon Overview and Level Annotations

Branches:
Dungeon (4/15)             Temple (1/1) D:4

Altars:
Cheibriados
Dithmenos
Makhleb
Nemelex Xobeh
Qazlal
Sif Muna
Uskayaw
Zin
The Shining One
Lugonu

Annotations:
D:4 1 runed translucent door, TheSexyCheese's ghost, amateur HOFi


Innate Abilities, Weirdness & Mutations

You are a venomous arachnid creature.
You have poisonous fangs.
You are tiny and dextrous.
Your spellcasting is less reliable in this form.
Your armour is entirely melded.
You are incapable of wielding weapons or throwing items.
You cannot wear most types of armour.
((You are amphibious.))
You can wear up to eight rings at the same time.
((Your skin changes colour to match your surroundings (Stealth+).))
((Your rubbery body absorbs attacks. (AC +1, EV +1)))
((You are camouflaged when in or above water. (Stealth+)))
((You have tentacles for arms and can constrict up to eight enemies at once.))


Message History

You feel a bit better.
You kill the bullfrog!
Training target 4.0 for Fighting reached!
Your Fighting skill increases to level 4!
You tentacle-slap the adder. You grab the adder.
The adder is heavily wounded.
You constrict the adder. The adder bites you.
You are poisoned.
The adder poisons you! The adder closely misses you.
You tentacle-slap the adder. You squeeze the adder.
You feel a bit better.
You kill the adder!
You feel sick.
Casting: Wereblood (safe; 14% risk of failure)
Confirm with . or Enter, or press ? or * to list all spells.
The spell is quite dangerous to miscast (28% risk of failure)!
Continue anyway?
You miscast Spider Form.
You are very lightly contaminated with residual magic.
Nothing appears to happen.
You feel sick. The orc completely misses you.
Casting: Spider Form (quite dangerous; 28% risk of failure)
Confirm with . or Enter, or press ? or * to list all spells.
The spell is quite dangerous to miscast (28% risk of failure)!
Continue anyway?
You turn into a venomous arachnid creature.
You feel sick. The orc hits you but does no damage.
You bite the endoplasm!
You feel a bit better.
You kill the endoplasm!
You feel sick.
You hit the orc.
The orc is poisoned.
The orc is heavily wounded.
You feel sick. The orc barely misses you.
You hit the orc.
You feel a bit better.
You kill the orc!
You hear the slow rusting of a very distant drain.
You feel sick.
You are no longer poisoned.
You bite the ogre!
The ogre is moderately wounded.
The ogre hits you with a +0 giant spiked club!!
Ouch! That really hurt!
You die...
Your body disappears without a glow.

##### ##...#
##.s#
###..#O...#
#...##...?..#
#...# ......#
#..## ..#....
#.†# .......
#..# :.....#.
#..## #...
#.. #...##
##..#


You could see an ogre.

Vanquished Creatures
  A bullfrog (D:4)
  A scorpion (D:4)
  3 gnolls (D:3)
  7 adders
  A worm (D:2)
  5 dart slugs
  4 orcs
  5 endoplasms
  3 giant cockroaches
  4 hobgoblins
  A jackal (D:2)
  4 quokkas
  9 ball pythons
  4 bats
  3 frilled lizards
  7 goblins
  9 kobolds
  6 rats
77 creatures vanquished.

Vanquished Creatures (others)
  2 plants (D:1)
2 creatures vanquished.

Grand Total: 79 creatures vanquished

Notes
Turn   | Place    | Note
-------+----------+-------------------------------------------
     0 | D:1      | Lutefisk the Octopode Transmuter began the quest for the
                  | Orb.
     0 | D:1      | Reached XP level 1. HP: 13/13 MP: 3/3
   130 | D:1      | Reached XP level 2. HP: 12/19 MP: 3/5
   544 | D:2      | Reached XP level 3. HP: 22/25 MP: 6/6
   553 | D:2      | Learned a level 2 spell: Wereblood
   557 | D:2      | Learned a level 3 spell: Spider Form
   605 | D:2      | Reached skill level 1 in Poison Magic
   721 | D:2      | Reached XP level 4. HP: 28/31 MP: 7/7
   784 | D:2      | Reached skill level 1 in Stealth
   996 | D:3      | Reached XP level 5. HP: 15/36 MP: 6/8
  1392 | D:4      | Found a runed translucent door.
  1398 | D:4      | Found a staircase to the Ecumenical Temple.
  1407 | Temple   | Entered the Ecumenical Temple
  1428 | Temple   | Became a worshipper of Nemelex Xobeh the Trickster
  1480 | D:4      | Noticed TheSexyCheese's ghost (amateur HOFi)
  1580 | D:4      | Noticed an ogre
  1583 | D:4      | Reached XP level 6. HP: 35/43 MP: 8/9
  1595 | D:4      | Slain by an ogre

Illustrated notes

Levels and vault maps discovered:
D:1:      amcnicky_arrival_blooded_trapdoor, layout_basic, chequers_big_river,
          minmay_strange_pillars, serial_bayou_pond_a, minivault_14
D:2:      minmay_thinvault, layout_loops_corners, minmay_fountain_box,
          st_stairs_13, minmay_splitting_lines
D:3:      layout_basic, hangedman_decor_riveting, palyth_stone_intersect,
          hangedman_abyss_or_decor_lesser_grid, chequers_avenue,
          kennysheep_path_1
D:4:      layout_loops_corners, minmay_temple_entry_junction,
          ebering_ghost_sewer_f, portal_sewer_entry_c, minmay_manual_moon
Temple:   corrupted_temple

Skill      XL: |  1  2  3  4  5  6 |
---------------+-------------------+-----
Fighting       | 2 3 4 |  4.0
Poison Magic   | 2 |  2.0
Stealth        | 1 |  1.0
Dodging        | 3 4 |  4.0
Unarmed Combat | |  3.8
Spellcasting   | |  2.0
Transmutations | |  2.0

Action                   |  1- 3 |  4- 6 || total
-------------------------+-------+-------++-------
Melee: Unarmed           |    73 |    67 ||   140
       Constrict         |    18 |    12 ||    30
       Kick              |    14 |     3 ||    17
       Punch             |     4 |     1 ||     5
       Tentacles         |    11 |    15 ||    26
 Cast: Beastly Appendage |    12 |     3 ||    15
       Spider Form       |       |     2 ||     2
       Wereblood         |       |     1 ||     1
 Stab: Sleeping          |    10 |     9 ||    19
Armor: Skin              |     6 |     3 ||     9
Dodge: Dodged            |    34 |    40 ||    74
